 Dungeon Crawl Stone Soup version 0.25.1-8-g42b30a86e7 (webtiles) character file.

Game seed: 18428849009365473422

315 Anlio the Shield-Bearer (level 6, -14/32 HPs)
             Began as a Vine Stalker Fighter on Dec 1, 2020.
             Demolished by an ogre
             ... wielding a +0 giant club
              (29 damage)
             ... on level 4 of the Dungeon.
             The game lasted 00:08:24 (2179 turns).

Anlio the Shield-Bearer (Vine Stalker Fighter)      Turns: 2179, Time: 00:08:25

Health: -14/32     AC:  4    Str: 20    XL:     6   Next: 43%
Magic:  0/7        EV:  9    Int:  8    God:
Gold:   146        SH: 10    Dex: 14    Spells: 5/5 levels left

rFire    . . .     SeeInvis .   a - +0 rapier
rCold    . . .     Gourm    .   c - +0 kite shield
rNeg     . . .     Faith    +   h - +1 leather armour {rPois}
rPois    +         Spirit   +   (no helmet)
rElec    .         Reflect  .   (no cloak)
rCorr    .         Harm     .   (no gloves)
MR       .....                  (no boots)
Stlth    +.........             g - amulet of faith
HPRegen  0.50/turn              (no ring)
MPRegen  0.10/turn              (no ring)

@: no status effects
A: fangs 2, regeneration 1, magic shield, antimagic bite, no potion heal 3, rot
immunity
a: no special abilities


You were on level 4 of the Dungeon.
You were not hungry.

You visited 1 branch of the dungeon, and saw 4 of its levels.

You collected 146 gold pieces.

Inventory:

Hand Weapons
 a - a +0 rapier (weapon)
Armour
 c - a +0 kite shield (worn)
 h - a +1 leather armour of poison resistance (worn)
 s - a +0 chain mail
Jewellery
 b - an uncursed ring of ice
 g - an amulet of faith (around neck)
Scrolls
 e - a scroll of noise {unknown}
 i - 2 scrolls of teleportation
 j - a scroll of magic mapping {unknown}
 n - a scroll of remove curse
 o - a scroll of identify
 q - a scroll of enchant armour {unknown}
 u - a scroll of fear
Potions
 d - 2 potions of might
 l - a potion of mutation {unknown}
 m - a potion of ambrosia {unknown}
 r - 4 potions of curing
 t - 2 potions of brilliance
 w - a potion of haste {unknown}
Comestibles
 f - 4 rations
 k - 5 chunks of flesh


   Skills:
 - Level 2.6 Fighting
 + Level 4.4 Short Blades
 - Level 2.4 Armour
 + Level 4.9 Shields


You had 5 spell levels left.
You didn't know any spells.
Your spell library was empty.

Dungeon Overview and Level Annotations

Branches:
Dungeon (4/15)
 Temple: D:4-7

Altars:
Ashenzari
Fedhas
Kikubaaqudgha
Makhleb
Uskayaw
Xom
Yredelemnul

Annotations:
D:3 2 transporters, Menkaure


Innate Abilities, Weirdness & Mutations

You have extremely sharp teeth.
Your natural rate of healing is unusually fast.
When hurt, damage is shared between your health and your magic reserves.
Your bite disrupts and absorbs the magic of your enemies.
Potions cannot restore your health.
You are immune to rotting.


Message History

There is a stone staircase leading up here.
You puncture the orc!
You kill the orc!
No target in view!
There is a stone staircase leading up here.
The ogre closely misses you.
There is a stone staircase leading down here.
You hit the ogre. Your bite misses the ogre.
The ogre is lightly wounded.
You barely miss the ogre.
The ogre is lightly wounded.
The ogre hits you with a +0 giant club!!
Ouch! That really hurt!
You are too injured to fight recklessly!
You are too injured to fight recklessly!
There is a stone staircase leading up here.
Your library has no spells.
The ogre hits you with a +0 giant club!!
Ouch! That really hurt!
You die...

.# ... #.## ...
#####.#####
#..........
#......#
#.).@..#
#.###.#O.#.####
#....>.>.......
#####.#..#.####
....?.# ..
........# ##
#.#....... #
..$......
########..


You could see an ogre.

Vanquished Creatures
  A sky beast (D:3)
  An ogre (D:3)
  5 adders
  2 worms (D:3)
  A dart slug (D:1)
  3 leopard geckos
  An orc (D:4)
  7 bats
  16 giant cockroaches
  10 goblins
  4 hobgoblins
  6 jackals
  A ball python (D:2)
  6 frilled lizards
  4 kobolds
  9 rats
77 creatures vanquished.

Notes
Turn   | Place    | Note
-------+----------+-------------------------------------------
     0 | D:1      | Anlio the Vine Stalker Fighter began the quest for the Orb.
     0 | D:1      | Reached XP level 1. HP: 11/11 MP: 2/2
    27 | D:1      | Reached XP level 2. HP: 13/16 MP: 1/3
   487 | D:1      | Reached XP level 3. HP: 19/19 MP: 4/4
   797 | D:2      | Found a hide-covered altar of Uskayaw.
   798 | D:2      | Found a blossoming altar of Fedhas.
  1104 | D:2      | Gained mutation: Your natural rate of healing is unusually
                  | fast. [Vine Stalker growth]
  1104 | D:2      | Reached XP level 4. HP: 15/23 MP: 5/5
  1270 | D:2      | Found a shattered altar of Ashenzari.
  1741 | D:3      | Found a transporter.
  1764 | D:3      | Found a transporter.
  1775 | D:3      | Reached XP level 5. HP: 21/27 MP: 3/6
  1812 | D:3      | Noticed an ogre
  1821 | D:3      | Killed an ogre
  1924 | D:3      | Found an ancient bone altar of Kikubaaqudgha.
  1924 | D:3      | Found a basalt altar of Yredelemnul.
  1935 | D:3      | Noticed Menkaure
  1938 | D:3      | Noticed a sky beast
  1988 | D:3      | Killed a sky beast
  1988 | D:3      | Reached XP level 6. HP: 24/32 MP: 4/7
  2141 | D:3      | Found a burning altar of Makhleb.
  2142 | D:3      | Found a shimmering altar of Xom.
  2179 | D:4      | Demolished by an ogre

Illustrated notes

Levels and vault maps discovered:
D:1:      mrwooster_arrival_arrow, layout_rooms, grunt_decor_cap
D:2:      minmay_roachtagon, layout_basic, gammafunk_temple_overflow_statue,
          evilmike_ruin_ashenzari
D:3:      layout_basic, grunt_temple_overflow_champion_of_chaos,
          lemuel_coloured_pillars_altar, gammafunk_temple_of_torment,
          first_ration
D:4:      layout_basic, kennysheep_windowed_goal

Skill      XL: |  1  2  3  4  5 |
---------------+----------------+-----
Short Blades   | 2 3 4 |  4.4
Shields        | 3 4 |  4.9
Fighting       | |  2.6
Armour         | |  2.4

Action                   |  1- 3 |  4- 6 || total
-------------------------+-------+-------++-------
Melee: Rapier            |   120 |   127 ||   247
       Bite              |    20 |    32 ||    52
  Use: Scroll            |       |     8 ||     8
       Potion            |       |     1 ||     1
 Stab: Sleeping          |       |     1 ||     1
  Eat: Chunk             |     1 |     3 ||     4
Armor: Scale mail        |    37 |       ||    37
       Chain mail        |       |    31 ||    31
       Leather armour    |       |    16 ||    16
Dodge: Dodged            |    38 |    29 ||    67
Block: Kite shield       |    53 |    60 ||   113
